 Dungeon Crawl Stone Soup version 0.25.0-65-g31bcc41 (webtiles) character file.

5894 Dorkslayer the Blocker (level 10, -3/64 HPs)
             Began as a Gargoyle Fighter on Nov 1, 2020.
             Was an Elder of Okawaru.
             Slain by a fire giant
             ... wielding a +0 great sword of flaming
              (4 damage)
             ... on level 2 of the Dungeon.
             The game lasted 00:06:23 (1324 turns).

Dorkslayer the Blocker (Gargoyle Fighter)           Turns: 1324, Time: 00:06:24

Health: -3/64      AC: 26    Str: 24    XL:     10   Next: 82%
Magic:  12/14      EV: 10    Int:  8    God:    Okawaru [****..]
Gold:   133        SH:  8    Dex:  9    Spells: 9/9 levels left

rFire    . . .     SeeInvis .   a - +0 long sword
rCold    . . .     Gourm    .   n - +1 buckler {AC+3}
rNeg     + . .     Faith    .   b - +0 plate armour
rPois    ∞         Spirit   .   (no helmet)
rElec    +         Reflect  .   (no cloak)
rCorr    .         Harm     .   (no gloves)
MR       .....                  (no boots)
Stlth    ..........             (no amulet)
HPRegen  0.20/turn              (no ring)
MPRegen  0.14/turn              (no ring)

@: about to teleport, heroism
A: negative energy resistance 1, electricity resistance, unbreathing,
petrification resistance, rot immunity, AC +7
a: Heroism, Renounce Religion


You were on level 2 of the Dungeon.
You worshipped Okawaru.
Okawaru was greatly pleased with you.
You were not hungry.

You visited 1 branch of the dungeon, and saw 2 of its levels.

You collected 133 gold pieces.

Inventory:

Hand Weapons
 a - a +0 long sword (weapon)
Missiles
 f - 14 poisoned needles
 k - 6 javelins (quivered)
Armour
 b - a +0 plate armour (worn)
 c - a +0 shield
 n - a +1 buckler of protection (worn)
Scrolls
 h - a scroll of teleportation
 i - 2 scrolls of remove curse
Potions
 d - a potion of cancellation
 j - a potion of curing
 l - a potion of heal wounds
 m - a potion of agility {unknown}


   Skills:
 + Level 7.7(12.7) Fighting
 + Level 6.9(11.9) Long Blades
 * Level 3.9(8.9) Throwing
 + Level 8.2(13.2) Armour
 + Level 2.1(7.1) Dodging
 + Level 0.6(5.6) Stealth
 + Level 8.7(13.7) Shields
 * Level 5.5 Invocations


You had 9 spell levels left.
You didn't know any spells.
Your spell library was empty.

Dungeon Overview and Level Annotations

Branches:
Dungeon (2/3)              Temple (0/1) D:1             Orc (0/1) D:2
  Swamp: D:2-3       Shoals: D:2-3        Snake: D:2-3       Spider: D:2-3
  Slime: D:2-3       Vaults: D:2-3

Altars:
Cheibriados
Dithmenos
Fedhas
Gozag
Kikubaaqudgha
Nemelex Xobeh
Okawaru
Qazlal
Trog
The Shining One

Annotations:
D:2 Urug


Innate Abilities, Weirdness & Mutations

You are resistant to torment.
Your stone body is resilient. (AC +7)
You are immune to poison.
You resist negative energy. (rN+)
You are resistant to electric shocks. (rElec)
You can survive without breathing.
You are immune to petrification.
You are immune to rotting.


Message History

The fire giant closely misses you.
You riposte.
You hit the fire giant but do no damage.
The fire giant is lightly wounded.
As you read the scroll of teleportation, it crumbles to dust.
You feel strangely unstable. The human closely misses you.
Urug hits you with a +5 scimitar of holy wrath!!
You hit the fire giant but do no damage.
The fire giant is lightly wounded.
The human barely misses you.
The fire giant hits you but does no damage.
You block the human's attack.
You slice the fire giant!!
The fire giant is moderately wounded.
The human barely misses you.
You riposte.
You hit the human.
The human is lightly wounded.
Urug closely misses you. The human hits you but does no damage.
The fire giant hits you with a +0 great sword of flaming!!
* * * LOW HITPOINT WARNING * * *
The fire giant burns you.
You die...

#..#.[ #p##......##.#..# ####
###..#..##p##..#...##.#..####.#.
................................
..............................
#.#.##..##..#...#.##..##.#.#.
#......(##..#......)...#.#.#.
###..##p....#...#.##.........
#..##..#.##C..#.##.....#.#.
#..##..#.p@............#.#.
###........op................
#...........(.(..........###.
#.##.##.##.##...#.#.##...#
#.##.##.##.##............#
#.##.##.##.##...#.......##
#.##....................#
#..............####.###.#
#######.##.##.## #.....#


You could see a fire giant, Urug and 2 humans.

Vanquished Creatures
  A human (D:2)
  An orc warrior (D:1)
  A phantom (D:2)
  A centaur (D:1)
  4 bullfrogs (D:1)
  2 scorpions
  4 wights (D:1)
  A quasit (D:1)
  A centaur zombie (D:1)
  3 orc wizards (D:1)
  A centaur skeleton (D:1)
  3 worker ants (D:1)
  2 adders (D:1)
  A leopard gecko (D:1)
  6 orcs (D:1)
  A quokka (D:1)
33 creatures vanquished.

Notes
Turn   | Place    | Note
-------+----------+-------------------------------------------
     0 | D:1      | Dorkslayer the Gargoyle Fighter began the quest for the
                  | Orb.
     0 | D:1      | Reached XP level 1. HP: 14/14 MP: 1/1
     6 | D:1      | Noticed a bullfrog
     7 | D:1      | Noticed a wight
    10 | D:1      | Noticed a wight
    16 | D:1      | Killed a wight
    16 | D:1      | Reached XP level 2. HP: 20/20 MP: 2/2
    16 | D:1      | Reached XP level 3. HP: 24/24 MP: 3/3
    16 | D:1      | Reached XP level 4. HP: 30/30 MP: 4/4
    16 | D:1      | Reached XP level 5. HP: 34/34 MP: 5/5
    16 | D:1      | Reached XP level 6. HP: 39/39 MP: 6/6
    19 | D:1      | Reached skill level 5 in Fighting
    19 | D:1      | Reached skill level 5 in Armour
    19 | D:1      | Reached skill level 5 in Shields
    19 | D:1      | Reached XP level 7. HP: 33/44 MP: 7/7
    36 | D:1      | Reached XP level 8. HP: 34/51 MP: 8/8
   131 | D:1      | Found an opulent altar of Gozag.
   154 | D:1      | Found an iron altar of Okawaru.
   162 | D:1      | Became a worshipper of Warmaster Okawaru
   199 | D:1      | Reached skill level 1 in Dodging
   199 | D:1      | Reached skill level 1 in Invocations
   215 | D:1      | Reached XP level 9. HP: 56/56 MP: 10/10
   259 | D:1      | Found a shadowy altar of Dithmenos.
   287 | D:1      | Found a bloodstained altar of Trog.
   357 | D:1      | Found a staircase to the Ecumenical Temple.
   380 | D:1      | Found a blossoming altar of Fedhas.
   459 | D:1      | Reached * piety under Okawaru
   466 | D:1      | Reached skill level 5 in Long Blades
   466 | D:1      | Reached skill level 1 in Throwing
   472 | D:1      | Reached ** piety under Okawaru
   476 | D:1      | Reached XP level 10. HP: 28/63 MP: 11/13
   523 | D:1      | Found a stormy altar of Qazlal.
   660 | D:1      | Found an ancient bone altar of Kikubaaqudgha.
   664 | D:1      | Reached *** piety under Okawaru
   750 | D:1      | Found a sparkling altar of Nemelex Xobeh.
   814 | D:1      | Found a snail-covered altar of Cheibriados.
   818 | D:1      | Found a glowing golden altar of the Shining One.
  1176 | D:2      | Found a staircase to the Orcish Mines.
  1199 | D:2      | Reached skill level 5 in Invocations
  1301 | D:2      | Noticed Urug
  1308 | D:2      | Noticed a fire giant
  1314 | D:2      | Reached **** piety under Okawaru
  1324 | D:2      | HP: 1/64 [fire giant/+0 great sword of flaming (19)]
  1324 | D:2      | Slain by a fire giant

Skill      XL: |  1  2  3  4  5  6  7  8  9 10 |
---------------+-------------------------------+-----
Fighting       | 4 5 6 7 |  7.7
Long Blades    | 2 3 4 6 |  6.9
Armour         | 4 5 6 7 8 |  8.2
Shields        | 4 5 6 7 8 |  8.7
Dodging        | 1 2 |  2.1
Invocations    | 2 4 5 |  5.5
Throwing       | 2 3 |  3.9
Stealth        | |  0.6

Action                   |  1- 3 |  4- 6 |  7- 9 | 10-12 || total
-------------------------+-------+-------+-------+-------++-------
Melee: Long sword        |     7 |     3 |    59 |    79 ||   148
Throw: Javelin           |       |       |     2 |    17 ||    19
Invok: Heroism           |       |       |       |     1 ||     1
  Use: Potion            |     1 |       |     2 |       ||     3
       Scroll            |       |       |       |     7 ||     7
  Eat: Ration            |       |       |       |     1 ||     1
Armor: Scale mail        |     5 |     4 |    13 |       ||    22
       Chain mail        |       |       |    19 |     4 ||    23
       Plate armour      |       |       |       |    47 ||    47
Dodge: Dodged            |     2 |     1 |    20 |    31 ||    54
Block: Shield            |     8 |     1 |    40 |    40 ||    89
       Buckler           |       |       |       |    13 ||    13
       Rpst.: Long sword |       |       |     8 |     7 ||    15
